AoeStats
← De1moS

Arabia

512739167Analyzed
1v1 RM · 5d ago on Oct 10, 2026· 57m 3s· 2 players
Game mode
Random Map
Map size
Tiny (2 player)
Population
200
Speed
Normal
Resources
Standard
Victory
Conquest
Starting age
Dark Age
Ending age
Imperial Age
RankedLock teamsTeams togetherTeam positionsShared explorationLock speedFull tech treeHidden civsTurbo modeCheats
Victory
Defeat
🇮🇳 Varangians · India
1185
+17
vs
🇫🇷 Mongols · France
1213
-17
De1moS
6:25 Loom
8:57 Feudal Age
9:37 Double-Bit Axe
14:42 Bloodlines
20:19 Horse Collar
21:10 Scale Barding Armor
25:04 Castle Age
23:54 Forging
24:04 Gold Mining
26:28 Wheelbarrow
26:51 Chain Barding Armor
26:35 Husbandry
26:43 Town Watch
30:45 Gambesons
32:08 Squires
31:53 Arson
35:36 Scale Mail Armor
36:03 Fletching
40:21 Imperial Age
40:30 Ballistics
40:57 Iron Casting
40:41 Hand Cart
41:33 Conscription
43:55 Chemistry
44:42 Blast Furnace
44:32 Plate Barding Armor
46:37 Bow Saw
47:51 Padded Archer Armor
48:54 Blast Furnace
47:49 Bodkin Arrow
48:41 Masonry
48:25 Elite Jarl
48:57 Elite Skirmisher
50:45 Leather Archer Armor
52:44 Bracer
53:25 Stone Mining
Ego59
1:27 Loom
10:19 Feudal Age
10:57 Double-Bit Axe
12:05 Horse Collar
15:18 Forging
20:02 Scale Mail Armor
24:48 Castle Age
23:26 Bloodlines
25:15 Scale Barding Armor
26:29 Bow Saw
28:47 Husbandry
28:54 Heavy Plow
29:31 Gold Mining
31:47 Iron Casting
31:46 Man-at-Arms
34:42 Fletching
35:24 Long Swordsman
37:03 Chain Barding Armor
39:21 Ballistics
39:35 Bodkin Arrow
40:32 Padded Archer Armor
42:39 Leather Archer Armor
44:30 Stone Mining
46:02 Fortified Wall
48:45 Imperial Age
46:02 Town Watch
47:12 Chain Mail Armor
46:29 Crossbowman
48:54 Gold Shaft Mining
48:45 Thumb Ring
48:11 Light Cavalry
49:31 Heavy Camel Rider
50:28 Bracer
53:36 Elite Steppe Lancer
Connection lost

Rejoining the realm…

Still unreachable

The connection could not be restored.

Session expired

The server has moved on; the page needs a fresh start.